 Dungeon Crawl Stone Soup version 0.19-a0-1314-ga413a64 (webtiles) character file.

186450 PurpleRed the Eclecticist (level 17, 0/92 HPs)
             Began as a Deep Elf Conjurer on Aug 30, 2016.
             Was the Champion of Vehumet.
             Slain by a dream sheep (8 damage)
             ... led by a cyclops
             ... on level 2 of the Lair of Beasts on Aug 31, 2016.
             The game lasted 02:52:19 (10060 turns).

PurpleRed the Eclecticist (Deep Elf Conjurer)      Turns: 10060, Time: 02:52:20

Health: 0/92       AC: 10    Str: 10    XL:     17   Next: 43%
Magic:  46/61      EV: 20    Int: 28    God:    Vehumet [******]
Gold:   1473       SH:  6    Dex: 19    Spells: 11 memorised, 18 levels left

rFire  + . .     SeeInvis .     c - staff of conjuration
rCold  + . .     Gourm    .     W - +0 robe {rC+ rF+}
rNeg   + + +     Faith    .     q - +0 buckler {AC+3}
rPois  .         Spirit   .     r - -2 helmet of Okawaru's Whim {rN+ rCorr MP+9 Dex+4}
rElec  .         Dismiss  .     V - +2 cloak {MR+}
rCorr  +         Reflect  .     Z - +2 pair of gloves of Wol Ogra {rN++ Str+5 Stlth+}
MR     +++..     Harm     .     (no boots)
Stlth  ++++......               e - amulet of magic regeneration
                                A - ring of magical power
                                s - ring of protection from magic

@: delayed fireball
A: wild magic 2
a: Renounce Religion, Release Delayed Fireball
}: 1/15 runes: gossamer


You were on level 2 of the Lair of Beasts.
You worshipped Vehumet.
Vehumet was exalted by your worship.
You were not hungry.

You visited 6 branches of the dungeon, and saw 26 of its levels.
You visited 1 bazaar.
You also visited: Ice Cave.

You collected 3357 gold pieces.
You spent 1884 gold pieces at shops.

Inventory:

Hand Weapons
 G - a +0 blowgun
Missiles
 H - 4 curare-tipped needles
Armour
 f - a +2 cloak of poison resistance
 q - a +0 buckler of protection (worn)
 r - the -2 helmet of Okawaru's Whim (worn) {rN+ rCorr MP+9 Dex+4}
   (You found it on level 5 of the Dungeon)

   It affects your dexterity (+4).
   It protects you from negative energy.
   It affects your magic capacity (+9).
   It protects you from acid and corrosion.
 J - a +1 robe of the Archmagi
 V - a +2 cloak of magic resistance (worn)
 W - a +0 robe of resistance (worn)
 Z - the +2 pair of gloves of Wol Ogra (worn) {rN++ Str+5 Stlth+}
   (You bought it in a shop in a bazaar)

   It affects your strength (+5).
   It greatly protects you from negative energy.
   It makes you more stealthy.
Magical Staves
 a - an uncursed staff of energy
 b - an uncursed staff of power
 c - an uncursed staff of conjuration (weapon)
 O - an uncursed staff of wizardry
Jewellery
 e - an amulet of magic regeneration (around neck)
 g - an uncursed ring of flight
 i - an uncursed ring of fire
 l - an uncursed ring of protection from cold
 s - a ring of protection from magic (left hand)
 t - an uncursed ring of wizardry
 z - an uncursed ring of see invisible
 A - a ring of magical power (right hand)
 E - an uncursed amulet of harm {unknown}
Wands
 x - a wand of digging (12/24)
 D - a wand of paralysis (7/24)
 Q - a wand of lightning (12/15)
Scrolls
 v - 5 scrolls of remove curse
 w - 2 scrolls of teleportation
 I - 3 scrolls of amnesia
 L - 4 scrolls of recharging
 M - a scroll of magic mapping
 T - a scroll of blinking
Potions
 d - 14 potions of curing
 h - 7 potions of ambrosia
 j - 4 potions of flight
 k - 4 potions of invisibility
 n - 4 potions of magic
 o - 3 potions of lignification
 C - 5 potions of heal wounds
 F - 3 potions of agility
 K - 2 potions of resistance
 U - 4 potions of haste
 X - 3 potions of brilliance
Miscellaneous
 p - 2 boxes of beasts
 B - a phial of floods
 S - 3 phantom mirrors
Comestibles
 m - 13 meat rations
 u - 3 beef jerkies
 P - 9 bread rations
 Y - a slice of pizza


   Skills:
 - Level 5.2 Fighting
 - Level 9.2 Dodging
 - Level 2.4 Stealth
 - Level 4.4 Shields
 + Level 20.0 Spellcasting
 + Level 18.9 Conjurations
 - Level 7.8 Charms
 * Level 16.2 Fire Magic
 + Level 8.2 Evocations


You had 18 spell levels left.
You knew the following spells:

 Your Spells              Type           Power        Failure   Level  Hunger
a - Magic Dart            Conj           ####         1%          1    None
b - Searing Ray           Conj           ######       1%          2    None
c - Iskenderun's Mystic   Conj           ########     1%          4    None
d - Iskenderun's Battles  Conj/Chrm      ########     1%          5    None
e - Fireball              Conj/Fire      ########..   1%          5    None
f - Flame Tongue          Conj/Fire      #####        1%          1    None
g - Bolt of Fire          Conj/Fire      ########..   1%          6    None
h - Mephitic Cloud        Conj/Pois/Air  ########     1%          3    None
i - Ignite Poison         Fire/Tmut/Pois #######.     1%          3    None
j - Iron Shot             Conj/Erth      ########..   4%          6    None
k - Delayed Fireball      Conj/Fire      N/A          1%          7    ####...


Dungeon Overview and Level Annotations

Branches:
Dungeon (10/15)              Lair (6/6) D:9          Shoals (1/4) Lair:2
 Spider (4/4) Lair:4        Slime (0/5) Lair:5          Orc (2/2) D:9
    Elf (3/3) Orc:2
 Temple: D:4-7

Altars:
Fedhas
Nemelex Xobeh
Okawaru
Qazlal
Trog
Vehumet
Xom
Jiyva

Shops:
D:4 %   Orc:2 *=((   Elf:3 [

Annotations:
Spider:2 Louise
Spider:4 Mara


Innate Abilities, Weirdness & Mutations

Your spells are harder to cast, but more powerful.


Message History

You feel your power returning.
The fireball engulfs the merfolk.
You kill the merfolk!
Vehumet accepts your kill.
You feel your power returning.
The fireball engulfs the harpy.
You kill the harpy!
Vehumet accepts your kill.
You feel your power returning.
You hear an angry hiss. x2
The merfolk hits you from afar with a trident!!
* * * LOW HITPOINT WARNING * * *
The dream sheep bites you but does no damage.
The dream sheep barely misses you.
A sea snake comes into view.
The merfolk hits you from afar with a trident!
* * * LOW HITPOINT WARNING * * *
The dream sheep completely misses you. x2
You climb upwards.
Welcome back to the Lair of Beasts!
There is a staircase to the Shoals here.
The dream sheep bites you!
You die...

...P.## #........#.#
........ .........#### #
........ ........# #..
#..P.#.##.......# ##..
#....##.#......####
#...≈##.≈##≈.#......#...
#P...#≈≈.≈≈≈............
#..≈..≈...≈≈#.....#....
#...≈≈@>Y#≈.#....#..#..
#....≈≈.Y≈≈..#.......#..
#...≈≈##≈###............
#...≈##≈..#≈≈.....#..#..
##...≈≈...≈.............
#......................
#.######.......[..†....
P. ##..............
##..............


You could see 2 dream sheep.

Vanquished Creatures
  2 deep elf blademasters (Elf:3)
  2 deep elf master archers (Elf:3)
  2 deep elf sorcerers (Elf:3)
  A frost giant (IceCv)
  3 orc warlords (Orc:2)
  6 emperor scorpions
  5 ghost moths
  5 deep elf elementalists (Elf:3)
  An entropy weaver (Spider:1)
  5 deep elf annihilators (Elf:3)
  3 deep elf demonologists (Elf:3)
  A spark wasp (Spider:4)
  An ettin (Orc:2)
  8 deep elf death magi (Elf:3)
  A deep elf high priest (Elf:3)
  A catoblepas (Lair:2)
  5 hydras
  An ice dragon (Elf:1)
  Erica (D:9)
  The ghost of JuicyBBC the Thaumaturge, a journeyman OpCj of Vehumet (D:9)
  3 death yaks
  8 dancing weapons
  3 orc high priests (Orc:2)
  2 small abominations (Elf:3)
  8 deep elf knights
  Nergalle (Lair:1)
  9 deep elf archers
  5 harpies (Shoals:1)
  7 orc knights (Orc:2)
  4 orc sorcerers (Orc:2)
  23 wolf spiders
  16 orb spiders
  7 hornets
  30 deep elf magi
  A cyclops (Shoals:1)
  8 elephants
  A siren (Shoals:1)
  A black mamba (Lair:5)
  An ice statue (IceCv)
  2 moths of wrath
  Joseph (Lair:2)
  Psyche (D:9)
  8 spiny frogs
  2 torpor snails (Spider:4)
  15 demonic crawlers
  3 komodo dragons
  10 rime drakes
  A troll (Orc:2)
  A merfolk (Shoals:1)
  17 polar bears
  24 jumping spiders
  A wind drake (Shoals:1)
  A two-headed ogre (D:9)
  A boulder beetle (Spider:2)
  2 dream sheep (Shoals:1)
  Grinder (D:6)
  27 blink frogs
  A water elemental (Elf:1)
  An air elemental (Elf:2)
  23 yaks
  A vampire (D:9)
  5 wyverns (Lair:5)
  51 redbacks
  14 tarantellas
  Eustachio (D:5)
  9 basilisks
  Grum (D:8)
  5 hippogriffs
  A fire elemental (Elf:3)
  4 wargs (Orc:2)
  Menkaure (D:5)
  2 porcupines
  Duvessa (D:6)
  12 water moccasins
  31 orc warriors
  2 ice beasts
  3 sky beasts
  A necrophage (D:5)
  11 ogres
  5 wasps
  A phantom (D:6)
  4 centaurs
  A wasp (shapeshifter) (Elf:3)
  37 wolves
  10 crocodiles
  4 big kobolds
  2 gnoll sergeants (D:6)
  7 giant frogs
  Dowan (D:6)
  2 scorpions
  A killer bee (D:9)
  4 wights
  5 howler monkeys
  2 giant frog zombies
  A wasp zombie (D:6)
  3 crimson imps
  A jelly (D:9)
  8 hounds
  17 orc priests
  A centaur skeleton (D:9)
  15 orc wizards
  3 gnoll shamans (D:6)
  7 iguanas
  2 worker ants
  A killer bee zombie (D:9)
  A worker ant zombie (D:9)
  8 adders
  9 gnolls
  32 river rats
  3 shadow imps
  12 white imps (Lair:3)
  2 adder zombies
  A dart slug (D:4)
  A giant gecko (D:6)
  71 orcs
  2 giant cockroaches (D:4)
  2 goblins (D:2)
  8 hobgoblins
  5 jackals
  22 kobolds
  3 quokkas (D:9)
  2 ball pythons (D:4)
  A giant gecko skeleton (D:4)
  A giant newt (D:3)
  A quokka skeleton (D:9)
  A quokka zombie (D:5)
  2 rats
  3 crawling corpses (Elf:3)
  A plant (Lair:1)
831 creatures vanquished.

Vanquished Creatures (others)
  2 polar bears (IceCv)
  A redback (Spider:1)
  A yak (IceCv)
  A fungus (Lair:1)
  A plant (D:9)
6 creatures vanquished.

Grand Total: 837 creatures vanquished

Notes
Turn   | Place    | Note
-------+----------+-------------------------------------------
     0 | D:1      | PurpleRed the Deep Elf Conjurer began the quest for the Orb.
     0 | D:1      | Reached XP level 1. HP: 10/10 MP: 6/6
    94 | D:1      | Found a shimmering altar of Xom.
   110 | D:2      | Reached XP level 2. HP: 15/15 MP: 3/8
   297 | D:4      | Reached skill level 5 in Conjurations
   297 | D:4      | Reached XP level 3. HP: 19/19 MP: 5/10
   301 | D:4      | Learned a level 2 spell: Searing Ray
   323 | D:4      | Reached skill level 4 in Spellcasting
   387 | D:5      | Entered Level 5 of the Dungeon
   503 | D:4      | Found Ogyd's Food Boutique.
   563 | D:4      | Reached XP level 4. HP: 16/24 MP: 7/12
   711 | D:5      | Reached XP level 5. HP: 28/28 MP: 7/14
   717 | D:5      | Learned a level 4 spell: Iskenderun's Mystic Blast
   723 | D:5      | Learned a level 5 spell: Iskenderun's Battlesphere
   756 | D:5      | Noticed Menkaure
   756 | D:5      | Noticed Eustachio
   759 | D:5      | Killed Eustachio
   759 | D:5      | Reached skill level 5 in Spellcasting
   759 | D:5      | Reached XP level 6. HP: 32/32 MP: 2/15
   763 | D:5      | Killed Menkaure
   851 | D:5      | Found a blossoming altar of Fedhas.
   853 | D:5      | Found a stormy altar of Qazlal.
   862 | D:5      | Got a polished helmet
   868 | D:5      | Identified the cursed -2 helmet of Okawaru's Whim {rN+ rCorr MP+9 Dex+4} (You found it on level 5 of the Dungeon)
  1077 | D:6      | Noticed a sky beast
  1090 | D:6      | Killed a sky beast
  1090 | D:6      | Reached skill level 6 in Spellcasting
  1090 | D:6      | Reached XP level 7. HP: 21/36 MP: 9/18
  1116 | D:6      | Noticed Duvessa
  1116 | D:6      | Noticed Dowan
  1142 | D:6      | Noticed Grinder
  1404 | D:4      | Reached skill level 5 in Charms
  1539 | D:6      | Killed Duvessa
  1539 | D:6      | Reached skill level 7 in Spellcasting
  1539 | D:6      | Reached XP level 8. HP: 41/41 MP: 20/20
  1546 | D:6      | Killed Dowan
  1561 | D:6      | Killed Grinder
  1642 | D:6      | Reached skill level 8 in Spellcasting
  1648 | D:6      | Reached skill level 10 in Conjurations
  1691 | D:6      | Reached XP level 9. HP: 38/45 MP: 0/23
  1840 | D:6      | Found a radiant altar of Vehumet.
  1866 | D:6      | Became a worshipper of Vehumet
  1930 | D:7      | Found an iron altar of Okawaru.
  2011 | D:6      | Reached skill level 9 in Spellcasting
  2076 | D:6      | Reached * piety under Vehumet
  2076 | D:6      | Offered knowledge of Sandblast by Vehumet.
  2378 | D:9      | Noticed an elephant
  2385 | D:9      | Killed an elephant
  2385 | D:9      | Reached skill level 5 in Dodging
  2403 | D:9      | Found a staircase to the Lair.
  2408 | D:9      | Noticed a death yak
  2455 | D:8      | Found a sparkling altar of Nemelex Xobeh.
  2463 | D:8      | Reached XP level 10. HP: 44/50 MP: 7/25
  2464 | D:8      | Noticed Grum
  2611 | D:8      | Reached skill level 10 in Spellcasting
  2636 | D:8      | Offered knowledge of Flame Tongue by Vehumet.
  2654 | D:8      | Learned a level 1 spell: Flame Tongue
  2673 | D:8      | Reached ** piety under Vehumet
  2704 | D:8      | Killed Grum
  2704 | D:8      | Reached skill level 1 in Fire Magic
  2811 | D:9      | Noticed Erica
  2919 | D:9      | Found a staircase to the Orcish Mines.
  3041 | D:9      | Noticed Psyche
  3048 | D:9      | Killed Psyche
  3074 | D:9      | Gained mutation: Your spells are a little harder to cast, but a little more powerful. [potion of beneficial mutation]
  3075 | D:9      | Gained mutation: Your spells are harder to cast, but more powerful. [potion of beneficial mutation]
  3118 | D:9      | Noticed JuicyBBC's ghost (journeyman OpCj)
  3128 | D:9      | Killed JuicyBBC's ghost
  3128 | D:9      | Offered knowledge of Throw Flame by Vehumet.
  3128 | D:9      | Reached skill level 5 in Fire Magic
  3167 | D:9      | Reached skill level 11 in Spellcasting
  3228 | D:9      | Killed a death yak
  3247 | D:10     | Entered Level 10 of the Dungeon
  3298 | Lair:1   | Entered Level 1 of the Lair of Beasts
  3307 | Lair:1   | Reached *** piety under Vehumet
  3307 | Lair:1   | Reached XP level 11. HP: 54/55 MP: 5/28
  3462 | Lair:1   | Learned a level 6 spell: Bolt of Fire
  3465 | Lair:2   | Noticed a catoblepas
  3467 | Lair:2   | Killed a catoblepas
  3545 | Lair:2   | Offered knowledge of Static Discharge by Vehumet.
  3573 | Lair:3   | Noticed an eight-headed hydra
  3582 | Lair:3   | Killed an eight-headed hydra
  3582 | Lair:3   | Reached skill level 12 in Spellcasting
  3731 | Lair:3   | Reached **** piety under Vehumet
  3769 | Lair:3   | Found a frozen archway.
  3796 | IceCv    | Entered an ice cave
  3803 | IceCv    | Upgraded the game from 0.19-a0-1291-gc8f5409 to 0.19-a0-1311-gdcfd90a
  3916 | IceCv    | Offered knowledge of Mephitic Cloud by Vehumet.
  3924 | IceCv    | Learned a level 3 spell: Mephitic Cloud
  4019 | IceCv    | Noticed a death yak
  4019 | IceCv    | Noticed a death yak
  4032 | IceCv    | Killed a death yak
  4032 | IceCv    | Reached skill level 13 in Spellcasting
  4043 | IceCv    | Killed a death yak
  4121 | IceCv    | Reached XP level 12. HP: 46/60 MP: 31/31
  4259 | IceCv    | Reached ***** piety under Vehumet
  4297 | IceCv    | Noticed a frost giant
  4313 | IceCv    | Offered knowledge of Spellforged Servitor by Vehumet.
  4315 | IceCv    | Killed a frost giant
  4320 | IceCv    | Reached skill level 10 in Fire Magic
  4333 | IceCv    | Reached skill level 14 in Spellcasting
  4530 | Lair:4   | Noticed a six-headed hydra
  4536 | Lair:4   | Killed a six-headed hydra
  4559 | Lair:4   | Reached skill level 15 in Conjurations
  4579 | Lair:4   | Found a hole to the Spider Nest.
  4677 | Lair:6   | Entered Level 6 of the Lair of Beasts
  4743 | Lair:5   | Noticed a seven-headed hydra
  4745 | Lair:5   | Killed a seven-headed hydra
  4745 | Lair:5   | Reached skill level 1 in Fighting
  4745 | Lair:5   | Reached skill level 15 in Spellcasting
  4750 | Lair:5   | Noticed an eight-headed hydra
  4754 | Lair:5   | Reached XP level 13. HP: 64/65 MP: 32/34
  4908 | Lair:5   | Found a bloodstained altar of Trog.
  4919 | Lair:5   | Found a viscous altar of Jiyva.
  4919 | Lair:5   | Found a staircase to the Slime Pits.
  5195 | Lair:4   | Identified 3 scrolls of acquirement
  5281 | Lair:4   | Offered knowledge of Fireball by Vehumet.
  5288 | Lair:4   | Learned a level 5 spell: Fireball
  5625 | Lair:1   | Noticed Nergalle
  5625 | Lair:1   | Noticed Joseph
  5635 | Lair:2   | Killed Joseph
  5785 | Lair:2   | Found a staircase to the Shoals.
  5899 | Lair:1   | Killed Nergalle
  5899 | Lair:1   | Reached skill level 16 in Spellcasting
  5913 | Lair:1   | Got a transparent iron ring
  6059 | Lair:1   | Identified the ring of Compulsion {*Tele rF+ rC- Slay+3} (You found it on level 1 of the Lair of Beasts)
  6094 | D:9      | Killed Erica
  6109 | Orc:1    | Entered Level 1 of the Orcish Mines
  6118 | Orc:1    | Upgraded the game from 0.19-a0-1311-gdcfd90a to 0.19-a0-1314-ga413a64
  6151 | Orc:2    | Entered Level 2 of the Orcish Mines
  6280 | Orc:2    | Found a staircase to the Elven Halls.
  6296 | Orc:2    | Offered knowledge of Bolt of Draining by Vehumet.
  6300 | Orc:2    | Noticed an orc warlord
  6303 | Orc:2    | Killed an orc warlord
  6308 | Orc:2    | Reached XP level 14. HP: 76/76 MP: 29/36
  6344 | Orc:2    | Noticed an orc warlord
  6347 | Orc:2    | Killed an orc warlord
  6347 | Orc:2    | Reached skill level 5 in Fighting
  6389 | Orc:2    | Noticed an orc warlord
  6398 | Orc:2    | Killed an orc warlord
  6431 | Orc:2    | Got a faintly glowing diamond amulet
  6557 | Orc:2    | Reached skill level 1 in Evocations
  6672 | Orc:2    | Found Mupep's Antique Weapon Shoppe.
  6672 | Orc:2    | Found Ownyuc's General Store.
  6673 | Orc:2    | Found Tiruor's Weapon Boutique.
  6674 | Orc:2    | Found Xetuol's Jewellery Boutique.
  6683 | Orc:2    | Identified the amulet "Atuenah" {Spirit Str+2 Dex+3 Stlth+} (You found it on level 2 of the Orcish Mines)
  6685 | Orc:2    | Bought a cursed amulet of magic regeneration for 351 gold pieces
  6773 | Orc:2    | Bought an uncursed ring of protection from magic for 325 gold pieces
  6773 | Orc:2    | Bought an uncursed ring of magical power for 260 gold pieces
  6815 | Elf:1    | Entered Level 1 of the Elven Halls
  6842 | Elf:1    | Reached skill level 17 in Spellcasting
  6980 | Elf:1    | Reached skill level 5 in Evocations
  7001 | Elf:1    | Offered knowledge of Irradiate by Vehumet.
  7087 | Orc:2    | Bought a scroll of magic mapping for 56 gold pieces
  7148 | Elf:2    | Reached XP level 15. HP: 60/82 MP: 38/38
  7165 | Elf:2    | Reached ****** piety under Vehumet
  7212 | Elf:2    | Found a flickering gateway to a bazaar.
  7218 | Bazaar   | Entered a bazaar
  7218 | Bazaar   | Found Hoabeum's Antique Weapon Shoppe.
  7218 | Bazaar   | Found Uxzolev's Weapon Emporium.
  7222 | Bazaar   | Found Vahujuom's Distillery.
  7227 | Bazaar   | Found Ighopp's Antique Armour Shoppe.
  7237 | Bazaar   | Bought a pair of fine gloves for 190 gold pieces
  7247 | Bazaar   | Identified the +2 pair of gloves of Wol Ogra {rN++ Str+5 Stlth+} (You bought it in a shop in a bazaar)
  7262 | Bazaar   | Bought a potion of resistance for 130 gold pieces
  7264 | Bazaar   | Bought a potion of haste for 130 gold pieces
  7264 | Bazaar   | Bought a potion of heal wounds for 65 gold pieces
  7264 | Bazaar   | Bought a potion of heal wounds for 65 gold pieces
  7264 | Bazaar   | Bought a potion of brilliance for 52 gold pieces
  7264 | Bazaar   | Bought a potion of heal wounds for 65 gold pieces
  7264 | Bazaar   | Bought a potion of curing for 39 gold pieces
  7264 | Bazaar   | Bought a potion of curing for 39 gold pieces
  7458 | Elf:3    | Entered Level 3 of the Elven Halls
  7546 | Elf:3    | Found Inoxt's Antique Armour Boutique.
  7554 | Elf:3    | Reached skill level 1 in Shields
  7604 | Elf:3    | Bought an embroidered cloak for 117 gold pieces
  7960 | Elf:3    | Noticed a deep elf blademaster
  7963 | Elf:3    | Killed a deep elf blademaster
  7964 | Elf:3    | Reached skill level 18 in Spellcasting
  7965 | Elf:3    | Noticed a deep elf blademaster
  7966 | Elf:3    | Killed a deep elf blademaster
  8027 | Elf:3    | Noticed a deep elf sorcerer
  8038 | Elf:3    | Killed a deep elf sorcerer
  8065 | Elf:3    | Noticed a deep elf master archer
  8067 | Elf:3    | Killed a deep elf master archer
  8150 | Elf:3    | Noticed a deep elf sorcerer
  8151 | Elf:3    | Killed a deep elf sorcerer
  8151 | Elf:3    | Reached XP level 16. HP: 87/87 MP: 40/40
  8170 | Elf:3    | Noticed a deep elf master archer
  8176 | Elf:3    | Killed a deep elf master archer
  8280 | Elf:3    | Identified Juan's Handbook of Stones and Darkness
  8293 | Elf:3    | Identified the Reference Book on Fiery Enchantment
  8339 | Elf:3    | Got a faintly glowing zirconium amulet
  8344 | Elf:3    | Identified the amulet "Egiufepened" {Harm *Drain Int+6} (You found it on level 3 of the Elven Halls)
  8389 | Elf:3    | Got an ichor-stained ring mail
  8400 | Elf:3    | Identified the cursed +1 ring mail "Jemn" {rPois rC- MR- Int+9} (You found it on level 3 of the Elven Halls)
  8721 | Lair:4   | Learned a level 3 spell: Ignite Poison
  8735 | Spider:1 | Entered Level 1 of the Spider Nest
  8784 | Spider:1 | Offered knowledge of Iron Shot by Vehumet.
  8792 | Spider:1 | Reached skill level 19 in Spellcasting
  9043 | Spider:3 | Learned a level 6 spell: Iron Shot
  9079 | Spider:4 | Entered Level 4 of the Spider Nest
  9141 | Spider:4 | Noticed Mara
  9161 | Spider:4 | Reached skill level 15 in Fire Magic
  9533 | Spider:4 | Offered knowledge of Delayed Fireball by Vehumet.
  9536 | Spider:4 | Reached XP level 17. HP: 92/92 MP: 38/42
  9587 | Spider:4 | Learned a level 7 spell: Delayed Fireball
  9841 | Spider:4 | Got a gossamer rune of Zot
  9882 | Spider:4 | Noticed PurpleRed's illusion
  9925 | Spider:2 | Noticed Louise
 10043 | Shoals:1 | Entered Level 1 of the Shoals
 10045 | Shoals:1 | Offered knowledge of Poison Arrow by Vehumet.
 10053 | Shoals:1 | Reached skill level 20 in Spellcasting
 10060 | Lair:2   | Slain by a dream sheep

Vault maps used:
D:1:      dpeg_arrival_tiny_a, minmay_misc_feat_diagonals, xom_teletrap_fun
D:3:      marbit_many_paths, first_bread, kennysheep_generic_room_13
D:4:      serial_shops, shop, hangedman_feature_mirror, minmay_misc_feat_plants
D:5:      grunt_temple_overflow_forces_of_nature, kennysheep_opposing_triangles,
          uniq_menkaure, uniq_eustachio
D:6:      kennysheep_housing_project, vehumet_altar_wand_db, uniq_duvessa,
          uniq_sigmund, uniq_grinder
D:7:      okawaru_trees_1
D:8:      nemelex_xobeh_ov_fountains_minmay, uniq_grum
D:9:      david_lair_generic, orc_0_dummy, kennysheep_kite_vault, uniq_psyche,
          uniq_erica
D:10:     serial_shops, nicolae_shop_window_shopping, hangedman_stone_soup,
          bh_circular_ruins, uniq_maurice
Lair:1:   uniq_nergalle, uniq_joseph
Lair:2:   elwin_shoals_entry_rocks
Lair:3:   portal_ice_cave_entry_imps
Lair:4:   dummy_spider_entry
Lair:5:   dpeg_slime_entry_enclosed_altar, special_room, basic_altar,
          infiniplex_staircase_pool_2
Lair:6:   minmay_lair_end_frog_pond, uniq_kirke
Shoals:1: serial_shops, shop
Spider:1: spider_trap, nicolae_spider_webs_and_nodes, nicolae_spider_shape
Spider:2: uniq_louise, uniq_arachne
Spider:4: guppyfry_spider_rune, uniq_mara
Orc:1:    minmay_goldmine
Orc:2:    st_orc_elflike, minmay_orc_treasury
Elf:1:    minmay_coctagon, portal_desolation_entry_holy_temple, orc_legates
Elf:2:    serial_shops, bzr_entry_safe, lemuel_flame_loot_1
Elf:3:    elf_hall, serial_shops, nicolae_shop_trees
Bazaar:   bazaar_minmay_row
IceCv:    ice_cave_caverns_03

Skill      XL: |  1  2  3  4  5  6  7  8  9 10 11 12 13 14 15 16 17 |
---------------+----------------------------------------------------+-----
Conjurations   | 5 6 7 8 10 11 12 14 15 16 17 18 | 18.9
Spellcasting   | 4 5 6 7 8 9 11 13 15 16 17 18 19 20 | 20.0
Charms         | 2 3 5 7 |  7.8
Dodging        | 5 8 9 |  9.2
Fire Magic     | 6 9 10 11 13 15 16 | 16.2
Fighting       | 1 4 5 |  5.2
Evocations     | 6 7 8 |  8.2
Shields        | 4 |  4.4
Stealth        | |  2.4

Action                   |  1- 3 |  4- 6 |  7- 9 | 10-12 | 13-15 | 16-18 || total
-------------------------+-------+-------+-------+-------+-------+-------++-------
Melee: Dagger            |    14 |    14 |    40 |    44 |       |       ||   112
       Staff             |       |       |       |       |     2 |       ||     2
 Fire: Blowgun           |       |       |       |     3 |       |       ||     3
 Cast: Magic Dart        |    28 |     6 |   115 |   233 |   284 |   107 ||   773
       Searing Ray       |     4 |     9 |    12 |    13 |       |       ||    38
       Iskenderun's Myst |       |     3 |     1 |    12 |    12 |     7 ||    35
       Iskenderun's Batt |       |       |    23 |    47 |    66 |    31 ||   167
       Bolt of Fire      |       |       |       |    36 |    13 |    14 ||    63
       Fireball          |       |       |       |       |   122 |   127 ||   249
       Iron Shot         |       |       |       |       |       |     4 ||     4
       Delayed Fireball  |       |       |       |       |       |     1 ||     1
Evoke: Wand              |       |       |     1 |     3 |       |       ||     4
       Staff of energy   |       |       |       |       |    38 |    78 ||   116
       Box of beasts     |       |       |       |       |       |     1 ||     1
  Use: Scroll            |     8 |     3 |     6 |    11 |    14 |     7 ||    49
       Potion            |       |     1 |       |     2 |     1 |     1 ||     5
 Stab: Sleeping          |     2 |     1 |     3 |       |       |       ||     6
  Eat: Chunk             |       |     1 |    10 |    17 |    12 |     9 ||    49
       Fruit             |       |       |       |     3 |       |       ||     3
       Pizza             |       |       |       |       |     1 |       ||     1
       Beef jerky        |       |       |       |       |       |     1 ||     1
Armor: Robe              |     6 |    11 |    21 |    23 |     2 |    15 ||    78
Dodge: Dodged            |    16 |    10 |    53 |    84 |    50 |    73 ||   286
Block: Buckler           |       |       |       |       |     1 |    15 ||    16
